 Dungeon Crawl Stone Soup version 0.31-a0-267-g3fc6992b3b (webtiles) character file.

Game seed: 3410712703247494417

3 British0li the Sneak (level 1, 0/18 HPs)
             Began as a Demonspawn Delver on July 14, 2023.
             Slain by a human skeleton (4 damage)
             ... on level 4 of the Dungeon.
             The game lasted 00:00:28 (103 turns).

British0li the Sneak (Demonspawn Delver)             Turns: 103, Time: 00:00:29

Health: 0/18       AC:  3    Str: 12    XL:     1   Next: 41%
Magic:  1/1        EV: 11    Int: 11    God:
Gold:   10         SH:  0    Dex: 14    Spells: 0/0 levels left

rFire   . . .        a - +0 falchion
rCold   . . .        (no shield)
rNeg    . . .        b - +0 leather armour
rPois   .            (no helmet)
rElec   .            (no cloak)
rCorr   .            (no gloves)
SInv    .            (no boots)
Will    .....        (no amulet)
Stlth   ++           (no ring)
HPRegen 0.23/turn    (no ring)
MPRegen 0.07/turn

%: no passive effects
@: no status effects
A: no striking features
a: no special abilities


You were on level 4 of the Dungeon.
You visited 1 branch of the dungeon, and saw 2 of its levels.

You collected 10 gold pieces.

Inventory:

Hand Weapons
 a - a +0 falchion (weapon)
Armour
 b - a +0 leather armour (worn)
Wands
 g - a wand of digging (3)
Scrolls
 c - a scroll of fog
 e - a scroll of fear
Potions
 f - a potion of haste


   Skills:
 + Level 3.0 Fighting
 + Level 1.8 Long Blades
 + Level 1.8 Dodging
 + Level 4.5 Stealth


You couldn't memorise any spells.
You didn't know any spells.
Your spell library contained the following spells:

 Spells                   Type           Power      Damage    Failure   Level
 Anguish                  Hex/Necr       0%         N/A       99%         4
 Cause Fear               Hex            0%         N/A       99%         4
 Enfeeble                 Hex            0%         N/A       100%        7


Dungeon Overview and Level Annotations

Branches:
Dungeon (5/15)
 Temple: D:4-7

Altars:
Yredelemnul

Annotations:
D:4 1 runed translucent door


Message History

The goblin closely misses you.
You hit the goblin.
You kill the goblin!
Things that are here:
a +0 dagger; a goblin corpse As you open the door, it creaks loudly!
A human skeleton comes into view.
The human skeleton hits you.
There is an open door here.
You hit the human skeleton.
The human skeleton is lightly damaged.
The human skeleton closely misses you.
You hit the human skeleton.
The human skeleton is lightly damaged.
The human skeleton closely misses you.
You barely miss the human skeleton.
The human skeleton is lightly damaged.
The human skeleton hits you.
You hit the human skeleton.
The human skeleton is moderately damaged.
The human skeleton hits you.
You hit the human skeleton.
The human skeleton is moderately damaged.
The human skeleton hits you.
* * * LOW HITPOINT WARNING * * *
You hit the human skeleton.
The human skeleton is moderately damaged.
The human skeleton completely misses you.
You hit the human skeleton.
The human skeleton is heavily damaged.
The human skeleton hits you.
* * * LOW HITPOINT WARNING * * *
You hit the human skeleton.
The human skeleton is heavily damaged.
The human skeleton barely misses you.
You hit the human skeleton.
The human skeleton is severely damaged.
You hear the slow hiss of an avalanche of sand.
The human skeleton hits you.
You die...

#.,+,,,,,,* **,,,,,,,
#..+,***,,* *,,,,,,,*
#..#,,,,,*####*<,,*,**
#..#*,8,**.#.##,,,,,,,
#...####*.............
#......##.......g.....
*#......#....#....[...
#......>..###........
***####@#.....##........
*,+∩*,#Z#.#..##.....<...
***+*+#.#..#..##........
*,+,,,+.#..#.##.........
***,,,###..#..##........
****,+,,,+,#.)....#........
*,,*+*+*+**#.)#.......#....
**,*,*,*,+,#..##.##..####..
*,********#...#####..###..


You could see a human skeleton.

Vanquished Creatures
  An orc (D:4)
  A goblin (D:4)
2 creatures vanquished.

Notes
Turn   | Place    | Note
-------+----------+-------------------------------------------
     0 | D:5      | British0li the Demonspawn Delver began the quest for the
                  | Orb.
     0 | D:5      | Reached XP level 1. HP: 18/18 MP: 1/1
    57 | D:4      | Found a basalt altar of Yredelemnul.
    94 | D:4      | Found a runed translucent gate.
   103 | D:4      | Slain by a human skeleton

Illustrated notes

Levels and vault maps discovered:
D:4:      layout_cave_pools, lemuel_zombie_altar_kikubaaqudgha,
          marbit_many_paths, elyvilon_altar_1, gammafunk_ghost_nasty_kobolds,
          nicolae_ossuary_entry_catacombs
D:5:      layout_cave_pods, hangedman_abyss_or_decor_passed

Action                     || total
---------------------------++-------
  Melee: Falchion          ||    16
    Use: Scroll            ||     1
 Armour: Leather armour    ||     1
  Dodge: Dodged            ||     7

Table legend: (Time is in decaauts)
 A = Elapsed time spent in this place.
 B = Non-inter-level travel time spent in this place.
 C = Inter-level travel time spent in this place.
 D = Time resting spent in this place.
 E = Time spent auto-exploring this place.
 F = Levels seen in this place.
 G = Mean time per level.
                   A        B        C        D        E       F      G
               +--------+--------+--------+--------+--------+-----+--------+
         Total |    105 |    100 |      5 |      0 |     33 |   2 |   52.5 |
       Dungeon |    105 |    100 |      5 |      0 |     33 |   2 |   52.5 |
               +--------+--------+--------+--------+--------+-----+--------+

Top non-repeatable levels by time:
     D:5: 56 daAuts
     D:4: 49 daAuts
